 Dungeon Crawl Stone Soup version 0.29.0-4-gdea44cf6ec (webtiles) character file.

Game seed: 8689129960436336786

22 qw the Chopper (level 2, -1/17 HPs)
             Began as a Tengu Warper on Aug 28, 2022.
             Succumbed to their own poison gas
             ... on level 1 of the Dungeon.
             The game lasted 00:00:04 (822 turns).

qw the Chopper (Tengu Warper)                        Turns: 822, Time: 00:00:05

Health: -1/17      AC:  8    Str: 11    XL:     2   Next: 91%
Magic:  6/6        EV:  5    Int: 13    God:
Gold:   41         SH:  0    Dex: 13    Spells: 5/5 levels left

rFire   . . .      SeeInvis .   Y - +0 hand axe (elec)
rCold   . . .      Faith    .   (no shield)
rNeg    . . .      Spirit   .   k - +0 chain mail
rPois   .          Reflect  .   (helmet restricted)
rElec   .          Harm     .   (no cloak)
rCorr   .          Rampage  .   (no gloves)
Will    .....                   (boots unavailable)
Stlth   ..........              (no amulet)
HPRegen 0.05/turn               (no ring)
MPRegen 0.10/turn               (no ring)

@: lethally poisoned (-1 -> -13)
A: beak, talons 3
a: no special abilities


You were on level 1 of the Dungeon.
You visited 1 branch of the dungeon, and saw 1 of its levels.

You collected 41 gold pieces.


Innate Abilities, Weirdness & Mutations

You have a beak for a mouth.
You have claws for feet.


   Skills:
 - Level 2.0 Fighting
 + Level 3.6 Axes
 - Level 1.0 Throwing
 - Level 1.1 Armour
 - Level 2.1 Dodging
 - Level 2.0 Spellcasting
 - Level 2.4 Translocations


You had 5 spell levels left.
You didn't know any spells.
Your spell library contained the following spells:

 Spells                   Type           Power      Damage    Failure   Level
 Blink                    Tloc           14%        N/A       100%        2
 Gell's Gravitas          Tloc           7%         N/A       100%        3
 Lesser Beckoning         Tloc           7%         N/A       100%        3
 Teleport Other           Tloc           7%         N/A       100%        3
 Manifold Assault         Tloc           7%         N/A       100%        5

Inventory:

Hand Weapons
 d - a +0 whip
 Y - a +0 hand axe of electrocution (weapon)
Armour
 k - a +0 chain mail (worn)
Scrolls
 a - a scroll of identify
Potions
 h - a potion of brilliance {unknown}
 j - a potion of curing {unknown}

Dungeon Overview and Level Annotations

Branches:
Dungeon (1/15)

Altars:


Message History

813 ||| READING 3 scrolls labelled XOESSU AFOLIU.
As you read the scroll labelled XOESSU AFOLIU, it crumbles to dust.
It is a scroll of identify.
Really abort (and waste the scroll)?
Done exploring.
814 ||| READING scroll labelled JUJU POKHLUHA.
The air fills with toxic fumes!
As you read the scroll labelled JUJU POKHLUHA, it crumbles to dust.
It was a scroll of poison.
Done exploring.
815 ||| READING scroll labelled PIAREA MEG DYH.
As you read the scroll labelled PIAREA MEG DYH, it crumbles to dust.
It is a scroll of brand weapon.
Your +0 hand axe crackles with electricity.
Y - a +0 hand axe of electrocution (weapon)
Done exploring.
816 ||| READING 2 scrolls of identify.
As you read the scroll of identify, it crumbles to dust.
g - a potion of ambrosia;
816 ||| IDENTIFYING dark potion Done exploring.
817 ||| DROPPING scroll of blinking.
You drop a scroll of blinking.
Done exploring.
818 ||| DROPPING potion of ambrosia.
You drop a potion of ambrosia.
Done exploring.
(D) Dungeon
Where to? (* - list waypoints, ? - help)
What level of the Dungeon? (default 1, ? - help) Sorry, I don't know how to get there.
Done exploring.
819 ||| Stepping randomly (stuck).
Really walk into that cloud of poison gas?
You are engulfed in poison gas.
You are lethally poisoned!
You feel very sick.
820 ||| Stepping ~*~*~tactically~*~*~ (cloud).
You feel very sick.
There is a lethal amount of poison in your body!
You feel very sick.
There is a lethal amount of poison in your body!
You die...

#.....###.# #.# #. #......##.#
#.######. #....#.##.# ######
#........ #####.....# #....#
#..###### #.#...#####....#
#........ # #.........#....#
##.###### ### ##........#....#
#.# ..# ##.......#....# #.# #.#
##.....@#!...# #.#### #.#
#¤¤000¤¤¤0¤0# #....# #.#
#¤¤¤¤00¤0000# ####.### #.######
#000¤¤¤¤¤0¤¤# #.#.. #......##
#¤¤¤¤¤¤#¤¤¤0# #.#.# #.).....#
#¤¤0¤¤¤#¤##########.#.# #.......#
#¤¤¤0¤¤.¤¤............#
#.......###¤#####.0##########.###
#...................# #....


There were no monsters in sight!

Vanquished Creatures
  An endoplasm (D:1)
  2 giant cockroaches (D:1)
  2 goblins (D:1)
  A hobgoblin (D:1)
  4 jackals (D:1)
  3 ball pythons (D:1)
  2 bats (D:1)
  2 kobolds (D:1)
  4 rats (D:1)
21 creatures vanquished.

Notes
Turn   | Place    | Note
-------+----------+-------------------------------------------
     0 | D:1      | qw the Tengu Warper began the quest for the Orb.
     0 | D:1      | Reached XP level 1. HP: 12/12 MP: 4/4
     0 | D:1      | 0 ||| qw: Version: 0.1-a-89-g26bdef1
     0 | D:1      | 0 ||| qw: Game counter: 964
     0 | D:1      | 0 ||| qw: Always use a shield: true
     0 | D:1      | 0 ||| qw: God list: Okawaru
     0 | D:1      | 0 ||| qw: Allow faded altars: false
     0 | D:1      | 0 ||| qw: Do Orc after D:15 true
     0 | D:1      | 0 ||| qw: Do second Lair branch before Depths: true
     0 | D:1      | 0 ||| qw: Lair rune preference: random
     0 | D:1      | 0 ||| qw: Plans: Normal
     0 | D:1      | 0 ||| PLANNING D:1-11
   173 | D:1      | Reached XP level 2. HP: 17/17 MP: 6/6
   184 | D:1      | Reached skill level 3 in Axes
   365 | D:1      | 365 ||| Stepping ~*~*~tactically~*~*~ (stealth).
   802 | D:1      | 802 ||| UPGRADING to +0 chain mail.
   812 | D:1      | 812 ||| DROPPING +0 leather armour.
   813 | D:1      | 813 ||| READING 3 scrolls labelled XOESSU AFOLIU.
   814 | D:1      | 814 ||| READING scroll labelled JUJU POKHLUHA.
   815 | D:1      | 815 ||| READING scroll labelled PIAREA MEG DYH.
   816 | D:1      | 816 ||| READING 2 scrolls of identify.
   816 | D:1      | 816 ||| IDENTIFYING dark potion
   817 | D:1      | 817 ||| DROPPING scroll of blinking.
   818 | D:1      | 818 ||| DROPPING potion of ambrosia.
   819 | D:1      | 819 ||| Stepping randomly (stuck).
   820 | D:1      | 820 ||| Stepping ~*~*~tactically~*~*~ (cloud).
   821 | D:1      | HP: 1/17 [poisoned by you (poison gas)]
   822 | D:1      | Succumbed to their own poison gas

Levels and vault maps discovered:
D:1:      dpeg_arrival_simpleton_a, layout_basic

Skill      XL: |  1  2 |
---------------+-------+-----
Axes           | 3 |  3.6
Fighting       | |  2.0
Throwing       | |  1.0
Armour         | |  1.1
Dodging        | |  2.1
Spellcasting   | |  2.0
Translocations | |  2.4

Action                   || total
-------------------------++-------
Melee: Hand axe          ||    42
       Kick              ||    13
       Peck              ||     3
Throw: Boomerang         ||     7
  Use: Scroll            ||     4
Armor: Leather armour    ||    15
Dodge: Dodged            ||    21

Table legend:
 A = Non-vault XP
 B = Vault XP
 C = Vault XP percentage of total XP
 D = Non-vault monster count
 E = Vault monster count
 F = Vault count percentage of total count
                 A         B        C        D         E       F
            +---------+---------+-------+---------+---------+-------
      Total |      32 |       0 |   0.0 |      21 |       0 |   0.0
            +---------+---------+-------+---------+---------+-------
        D:1 |      32 |       0 |   0.0 |      21 |       0 |   0.0
            +---------+---------+-------+---------+---------+-------
